 Dungeon Crawl Stone Soup version 0.30.1-4-g462c640d31 (webtiles) character file.

Game seed: 9730746103835917831

11067 wingedge the Conjurer (level 11, 0/92 HPs)
             Began as a Demigod Conjurer on Aug 15, 2023.
             Slain by a white ugly thing (6 damage)
             ... on level 11 of the Dungeon.
             The game lasted 00:41:15 (15188 turns).

wingedge the Conjurer (Demigod Conjurer)           Turns: 15188, Time: 00:41:16

Health: 0/92       AC:  8    Str:  8    XL:     11   Next: 21%
Magic:  14/25      EV: 13    Int: 32    God:
Gold:   616        SH:  4    Dex: 12    Spells: 10/23 levels left

rFire   + + .        b - +0 flail (heavy)
rCold   + . .        K - +0 buckler
rNeg    . . .        p - +2 robe {rC+ rF+}
rPois   .            c - +1 helmet {SInv}
rElec   .            C - +0 cloak
rCorr   .            O - +0 pair of gloves
SInv    +            (no boots)
Will    +....        (no amulet)
Stlth   ++           T - ring of protection from fire
HPRegen 0.35/turn    k - +4 ring of slaying
MPRegen 0.19/turn

%: no passive effects
@: no status effects
A: high MP 1, forlorn, divine attributes
a: no special abilities


You were on level 11 of the Dungeon.
You visited 1 branch of the dungeon, and saw 12 of its levels.
You also visited: Ossuary.

You collected 672 gold pieces.
You spent 56 gold pieces at shops.

Inventory:

Hand Weapons
 a - a +1 dagger of venom
 b - a +0 heavy flail (weapon)
 y - a +1 vampiric dagger
 D - a +0 dire flail of holy wrath
 I - a +0 great sword of electrocution
Missiles
 m - 24 poisoned darts
 S - a throwing net
Armour
 c - a +1 helmet of see invisible (worn)
 p - a +2 robe of resistance (worn)
 C - a +0 cloak (worn)
 K - a +0 buckler (worn)
 O - a +0 pair of gloves (worn)
Magical Staves
 w - a staff of earth
Jewellery
 f - a ring of willpower
 g - a ring of positive energy
 i - a +6 ring of strength
 k - a +4 ring of slaying (right hand)
 T - a ring of protection from fire (left hand)
Wands
 h - a wand of mindburst (13)
 n - a wand of paralysis (14)
 B - a wand of light (8)
 R - a wand of iceblast (3)
Scrolls
 j - a scroll of brand weapon
 q - a scroll of fear
 r - a scroll of poison {unknown}
 s - 2 scrolls of magic mapping
 t - a scroll of torment {unknown}
 u - 3 scrolls of fog
 v - 3 scrolls of teleportation
 x - a scroll of immolation {unknown}
 J - a scroll of enchant weapon {unknown}
 M - a scroll of identify
Potions
 d - 3 potions of attraction
 e - a potion of degeneration {unknown}
 l - a potion of flight {unknown}
 o - 3 potions of ambrosia {unknown}
 z - a potion of resistance {unknown}
 A - a potion of berserk rage {unknown}
 E - 2 potions of might
 F - 4 potions of brilliance {unknown}
 G - 3 potions of haste
 H - 4 potions of heal wounds {unknown}
 L - a potion of mutation {unknown}
 P - a potion of curing
 Q - a potion of lignification {unknown}
Miscellaneous
 N - a box of beasts


   Skills:
 - Level 7.0 Fighting
 - Level 5.0 Dodging
 - Level 3.0 Stealth
 - Level 3.0 Shields
 + Level 6.8 Spellcasting
 + Level 7.4 Conjurations
 + Level 7.4 Hexes
 - Level 3.0 Air Magic
 + Level 5.6 Poison Magic


You had 10 spell levels left.
You knew the following spells:

 Your Spells              Type           Power      Damage    Failure   Level
a - Magic Dart            Conj           100%       1d8       1%          1
b - Searing Ray           Conj           100%       2d8       1%          2
c - Fulminant Prism       Conj/Hex       27%        3d14      3%          4
d - Poisonous Vapours     Pois/Air       76%        N/A       1%          2
e - Olgreb's Toxic Radia  Pois           46%        N/A       6%          4

Your spell library contained the following spells:

 Spells                   Type           Power      Damage    Failure   Level
 Sting                    Tmut/Pois      100%       1d8       1%          1
 Ensorcelled Hibernation  Hex/Ice        68%        N/A       1%          2
 Dazzling Flash           Conj/Hex       100%       N/A       1%          3
 Swiftness                Air            30%        N/A       5%          3
 Lesser Beckoning         Tloc           22%        N/A       10%         2
 Passwall                 Tmut/Erth      9%         N/A       10%         2
 Iskenderun's Mystic Bla  Conj/Tloc      34%        2d8       14%         4
 Gell's Gravitas          Tloc           11%        N/A       19%         3
 Teleport Other           Tloc           11%        N/A       19%         3
 Animate Dead             Necr           11%        N/A       54%         4
 Haunt                    Necr/Summ      5%         N/A       100%        7
 Infestation              Necr           5%         N/A       100%        8


Dungeon Overview and Level Annotations

Branches:
Dungeon (12/15)            Temple (0/1) D:6            Lair (0/5) D:8
    Orc (0/2) D:9         Ossuary (visited)

Shops:
D:2 (   D:8 ?

Annotations:
D:7 2 transporters, growler's ghost, novice AtFi
D:9 3 runed translucent doors, Babbit's ghost, journeyman MiFi


Innate Abilities, Weirdness & Mutations

You have an increased reservoir of magic. (+10% MP)
You shall have no god before yourself.
Your divine heritage dramatically boosts your attributes as you level up.


Message History

The white ugly thing is moderately wounded.
The deep elf pyromancer gestures wildly while chanting.
The troll closely misses you. The troll barely misses you. x2
You block the white ugly thing's attack.
You climb upwards.
There is a stone staircase leading down here.
Casting: Fulminant Prism (dangerous; 3% risk of failure)
Confirm with . or Enter, or press ? or * to list all spells.
Aiming: Fulminant Prism (dangerous; 3% risk of failure)
Press: ? - help, Dir - move target You conjure a prism of explosive energy!
A fulminant prism comes into view.
The troll misses you.
The troll claws you but does no damage. x2
The white ugly thing kicks you. The white ugly thing freezes you! You resist.
Casting: Fulminant Prism (dangerous; 3% risk of failure)
Confirm with . or Enter, or press ? or * to list all spells.
Aiming: Fulminant Prism (dangerous; 3% risk of failure)
Press: ? - help, Dir - move target You conjure a prism of explosive energy!
A fulminant prism comes into view.
The troll completely misses you. The troll barely misses you. x2
The white ugly thing closely misses you.
Your fulminant prism crackles loudly.
You hit the white ugly thing.
The white ugly thing is moderately wounded.
The troll closely misses you. The troll barely misses you. The troll claws you!
* * * LOW HITPOINT WARNING * * *
The white ugly thing kicks you!
* * * LOW HITPOINT WARNING * * *
The white ugly thing freezes you! You resist.
* * * LOW HITPOINT WARNING * * *
Your fulminant prism explodes!
The blast of energy engulfs the white ugly thing!
The white ugly thing is heavily wounded.
The blast of energy engulfs the troll!
The troll is moderately wounded.
Your fulminant prism crackles loudly.
The troll bites you but does no damage. The troll claws you but does no damage.
The troll barely misses you. The white ugly thing kicks you.
You die...

.......#######......## ....####
##..#...# ......#### #...#####
#........####..##
...........#..##
.............##
..............###
................##
................@##
#..............uT.#
#...>.)...........#
#..........^.*...##
##..............## #####
#..............# ##...####
##............####.......####
#...........####...........##
##...)......####.............##


You could see a white ugly thing (ally target), a troll and a friendly fulminant
prism.

Vanquished Creatures
  Gastronok (D:9)
  Nergalle (D:12)
  2 ugly things (D:12)
  Psyche (D:8)
  A troll (D:11)
  A shadow (D:10)
  8 yaks
  A vampire (D:12)
  7 slime creatures
  A wraith (D:9)
  4 fire bats (D:9)
  A basilisk (D:10)
  A steam dragon (D:10)
  A wyvern (D:8)
  4 vampire mosquitoes
  Menkaure (D:4)
  3 water moccasins
  A sky beast (D:7)
  3 orc warriors
  2 black bears
  A hell hound (D:9)
  An ogre (D:5)
  3 centaurs
  3 bullfrogs
  A kobold brigand (D:9)
  2 gnoll sergeants
  3 scorpions
  A wyvern zombie (D:5)
  A wight (D:5)
  8 killer bees
  3 howler monkeys
  3 bullfrog zombies (D:5)
  4 centaur zombies
  5 hounds
  2 lava snakes (D:9)
  2 jellies
  6 orc priests
  A human zombie (D:5)
  A gnoll bouda (D:9)
  2 iguanas
  9 orc wizards
  2 sleepcaps
  A killer bee zombie (D:5)
  2 hound zombies (D:5)
  7 mummies
  11 gnolls
  11 adders
  A shadow imp (D:6)
  3 white imps
  2 worms
  2 dart slugs
  22 orcs
  6 bats
  7 endoplasms
  3 giant cockroaches
  8 goblins
  11 hobgoblins
  3 jackals (D:3)
  8 kobolds
  2 quokkas (D:1)
  2 ball pythons
  3 frilled lizards
  5 hobgoblin zombies (Ossuary)
  3 rats
  A spectral goblin (D:7)
  2 fire vortices (D:9)
235 creatures vanquished.

Vanquished Creatures (others)
  3 gnolls (D:6)
  A fire vortex (D:9)
  104 fulminant prisms
108 creatures vanquished.

Grand Total: 343 creatures vanquished

Notes
Turn   | Place    | Note
-------+----------+-------------------------------------------
     0 | D:1      | wingedge the Demigod Conjurer began the quest for the Orb.
     0 | D:1      | Reached XP level 1. HP: 14/14 MP: 5/5
   327 | D:1      | You fall into a shaft and drop 1 floor!
   509 | D:1      | Reached XP level 2. HP: 20/20 MP: 2/7
   560 | D:1      | Learned a level 2 spell: Searing Ray
   753 | D:1      | Reached skill level 1 in Fighting
  1391 | D:2      | Reached XP level 3. HP: 28/28 MP: 3/9
  1555 | D:2      | Found Qoubaic's Antique Weapon Boutique.
  2410 | D:3      | Reached XP level 4. HP: 35/35 MP: 7/11
  2811 | D:4      | Noticed Menkaure
  2820 | D:4      | Killed Menkaure
  2821 | D:4      | Reached XP level 5. HP: 22/40 MP: 3/14
  2907 | D:4      | Learned a level 4 spell: Fulminant Prism
  3147 | D:4      | Noticed an ogre
  3181 | D:5      | Entered Level 5 of the Dungeon
  3312 | D:5      | Noticed a water moccasin
  3413 | D:5      | Killed a water moccasin
  3414 | D:5      | Reached XP level 6. HP: 36/47 MP: 4/15
  3896 | D:5      | Reached XP level 7. HP: 35/55 MP: 2/16
  4556 | D:5      | Reached skill level 5 in Conjurations
  4556 | D:5      | Reached skill level 5 in Hexes
  5665 | D:6      | Reached XP level 8. HP: 50/66 MP: 6/17
  5932 | D:6      | Found a staircase to the Ecumenical Temple.
  6544 | D:6      | Learned a level 2 spell: Poisonous Vapours
  7325 | D:7      | Reached skill level 5 in Fighting
  7325 | D:7      | Reached skill level 1 in Air Magic
  7325 | D:7      | Reached skill level 1 in Poison Magic
  7368 | D:7      | Found a sand-covered staircase.
  7375 | Ossuary  | Entered an ossuary
  7823 | D:7      | Found a transporter.
  7959 | D:7      | Found a transporter.
  7969 | D:7      | Noticed growler's ghost (novice AtFi)
  8099 | D:7      | Reached XP level 9. HP: 74/74 MP: 10/18
  8798 | D:8      | HP: 2/74 [killer bee (7)]
  8804 | D:8      | Noticed Psyche
  9004 | D:8      | Killed Psyche
  9005 | D:8      | Reached skill level 5 in Spellcasting
  9132 | D:8      | Found Ramuloxo's Magic Scroll Emporium.
  9132 | D:8      | Found a staircase to the Lair.
  9136 | D:8      | Bought a scroll of identify for 28 gold pieces
  9136 | D:8      | Bought a scroll of identify for 28 gold pieces
  9407 | D:8      | Learned a level 4 spell: Olgreb's Toxic Radiance
  9450 | D:9      | Noticed Gastronok
  9479 | D:9      | Killed Gastronok
  9644 | D:9      | Found a staircase to the Orcish Mines.
  9869 | D:9      | Reached XP level 10. HP: 50/81 MP: 4/22
 10307 | D:9      | Found a runed translucent gate.
 10307 | D:9      | Found a runed translucent gate.
 10307 | D:9      | Found a runed translucent gate.
 10307 | D:9      | Noticed Babbit's ghost (journeyman MiFi)
 10536 | D:9      | Reached skill level 1 in Shields
 10536 | D:9      | Reached skill level 5 in Poison Magic
 10541 | D:9      | Reached skill level 5 in Dodging
 10912 | D:10     | Entered Level 10 of the Dungeon
 11189 | D:10     | HP: 1/81 [vampire (6)]
 13979 | D:11     | Reached XP level 11. HP: 92/92 MP: 11/24
 14658 | D:12     | Noticed Nergalle
 14668 | D:12     | Killed Nergalle
 14980 | D:12     | Noticed a two-headed ogre
 15183 | D:12     | Noticed a deep elf pyromancer
 15188 | D:11     | Slain by a white ugly thing

Illustrated notes

Levels and vault maps discovered:
D:1:      lordsloth_arrival_two_stooges, layout_loops_ring,
          basic_ecumenical_altar
D:2:      minmay_general_purpose_star, layout_loops_ring, serial_shops,
          nicolae_shop_pleasant_corner_grove, hangedman_decor_peaks_small
D:3:      layout_rooms
D:4:      layout_cave_pools, grunt_dithmenos_smoke_and_mirrors,
          general_overflow_altar, mainiacjoe_overflow_big_doors,
          minmay_ogre_servants, uniq_menkaure
D:5:      layout_basic, lemuel_mausoleum_altar_kikubaaqudgha,
          nemelex_xobeh_ov_fountains_minmay, grunt_ministairs_8
D:6:      black_bear_nest_1, layout_loops_ring, minmay_temple_entry_mini_moons,
          minmay_misc_feat_five, lemuel_flamethrower_2
D:7:      layout_basic, nicolae_hepliaklqana_monster_ancestors,
          gammafunk_ghost_stat_death, chequers_ossuary_entry_cave
D:8:      layout_basic, lair_entry_dummy, serial_shops, shop, uniq_psyche
D:9:      layout_roguey, mainiacjoe_overflow_alcove_4,
          gammafunk_temple_overflow_statue, gammafunk_ghost_nasty_kobolds,
          hangedman_incinerator, uniq_gastronok
D:10:     layout_irregular_city, lemuel_doored_altar, kennysheep_small_square
D:11:     layout_cave_pods
D:12:     layout_roguey, uniq_nergalle

Skill      XL: |  1  2  3  4  5  6  7  8  9 10 |
---------------+-------------------------------+-----
Conjurations   | 4 6 7 |  7.4
Spellcasting   | 2 3 4 5 6 |  6.8
Fighting       | 1 2 4 5 7 |  7.0
Hexes          | 2 3 4 5 6 7 |  7.4
Dodging        | 2 3 4 5 |  5.0
Stealth        | 2 3 |  3.0
Air Magic      | 1 3 |  3.0
Poison Magic   | 1 4 5 |  5.6
Shields        | 3 |  3.0

Action                     |  1- 3 |  4- 6 |  7- 9 | 10-12 || total
---------------------------+-------+-------+-------+-------++-------
  Melee: Short sword       |     4 |       |       |       ||     4
         Dagger            |     5 |       |    23 |       ||    28
         Dire flail        |       |       |    18 |     1 ||    19
         Flail             |       |       |     1 |    34 ||    35
   Cast: Magic Dart        |    82 |    58 |    30 |     2 ||   172
         Searing Ray       |     3 |    11 |    59 |     9 ||    82
         Fulminant Prism   |       |     1 |    37 |    67 ||   105
         Poisonous Vapours |       |       |    26 |     8 ||    34
         Olgreb's Toxic Ra |       |       |     2 |     9 ||    11
  Evoke: Wand              |       |       |       |     1 ||     1
    Use: Potion            |       |       |     6 |     2 ||     8
         Scroll            |       |       |    14 |     4 ||    18
 Armour: Robe              |     2 |     4 |    32 |    41 ||    79
  Dodge: Dodged            |    10 |    16 |   145 |    85 ||   256
  Block: Buckler           |       |       |       |    39 ||    39
